 Dungeon Crawl Stone Soup version 0.30.0-29-ga12c61a403 (webtiles) character file.

Game seed: 13209975284083449631

142834 qw the Peltast (level 17, 1/1 HPs)
             Began as a Gargoyle Fighter on June 5, 2023.
             Was an Initiate of Okawaru.
             Quit the game on level 4 of the Swamp.
             The game lasted 00:27:30 (60233 turns).

qw the Peltast (Gargoyle Fighter)                  Turns: 60233, Time: 00:27:30

Health: 1/1        AC: 46    Str: 24    XL:     17   Next: 36%
Magic:  33/33      EV: 16    Int: 11    God:    Okawaru [......]
Gold:   1514       SH: 24    Dex:  9    Spells: 16/16 levels left

rFire   + + +        r - +7 war axe of Invincibility {freeze, Will++ rCorr}
rCold   + + +        e - +0 tower shield {AC+3}
rNeg    + + .        v - +9 ring mail of Qazlal's Benevolence {rF+++ rC+++ Str-4 SInv}
rPois   inf          q - +2 helmet
rElec   +            c - +0 cloak
rCorr   +            x - +2 pair of gloves
SInv    +            (no boots)
Will    +++..        K - amulet of reflection Stlth
                     F - ring of Nihilism {rN+ MP+9 AC+4 Str+2}
HPRegen 0.20/turn    b - +5 ring of evasion
MPRegen 0.23/turn

%: reflection
@: flying
A: sickness immunity, AC +12, big wings, negative energy resistance 1,
electricity resistance, torment resistance 1, petrification resistance,
iridescent scales 1, wild magic 1
a: Renounce Religion


You were on level 4 of the Swamp.
You worshipped Okawaru.
Okawaru was noncommittal.
You visited 5 branches of the dungeon, and saw 27 of its levels.

You collected 3295 gold pieces.
You spent 1781 gold pieces at shops.


Innate Abilities, Weirdness & Mutations

You are immune to sickness and miasma.
Your stone body is resilient. (AC +12)
You are immune to poison.
Your large and strong wings let you fly.
You resist negative energy. (rN+)
You are resistant to electric shocks. (rElec)
You are resistant to unholy torment.
You are immune to petrification.
You are partially covered in iridescent scales. (AC +2)
Your spells are a little harder to cast, but a little more powerful.


   Skills:
 - Level 15.0 Fighting
 - Level 16.0 Axes
 - Level 8.0 Throwing
 - Level 9.1 Armour
 - Level 4.0 Dodging
 + Level 18.1 Shields
 - Level 10.0 Invocations


You had 16 spell levels left.
You didn't know any spells.
Your spell library was empty.

Inventory:

Hand Weapons
 r - the +7 war axe of Invincibility (weapon) {freeze, Will++ rCorr}
   (You found it on level 5 of the Dungeon)

   rCorr:     It protects you from acid and corrosion.
   Will:      It greatly increases your willpower.
 A - the +10 morningstar "Pukkor" {venom, +Blink rF+ Dex+3}
   (You found it on level 10 of the Dungeon)

   Dex:       It affects your dexterity (+3).
   rF:        It protects you from fire.
   +Blink:    It lets you blink.
 H - a +6 broad axe
 I - a +4 heavy eveningstar
Missiles
 j - 18 boomerangs (quivered)
 C - a javelin
Armour
 c - a +0 cloak (worn)
 e - a +0 tower shield of protection (worn)
 h - +0 ice dragon scales
 q - a +2 helmet (worn)
 v - the +9 ring mail of Qazlal's Benevolence (worn) {rF+++ rC+++ Str-4 SInv}
   (You found it on level 9 of the Dungeon)

   Str:       It affects your strength (-4).
   rF:        It renders you almost immune to fire.
   rC:        It renders you almost immune to cold.
   SInv:      It lets you see invisible.
 x - a +2 pair of gloves (worn)
 E - the +1 ring mail "Bowkulug" {rC- rCorr Str+5 Int+2}
   (You found it on level 14 of the Dungeon)

   Str:       It affects your strength (+5).
   Int:       It affects your intelligence (+2).
   rC:        It makes you vulnerable to cold.
   rCorr:     It protects you from acid and corrosion.
 G - the +4 chain mail "Plog" {rC+}
   (You found it on level 14 of the Dungeon)

   rC:        It protects you from cold.
Jewellery
 b - a +5 ring of evasion (right hand)
 s - the ring of Ecki {Drain rC+ rN+ rCorr}
   (You found it on level 14 of the Dungeon)

   [ring of positive energy]

   rC:        It protects you from cold.
   rN:        It protects you from negative energy.
   rCorr:     It protects you from acid and corrosion.
   Drain:     It drains your maximum health when unequipped.
 D - a ring of resist corrosion
 F - the ring of Nihilism (left hand) {rN+ MP+9 AC+4 Str+2}
   (You found it on level 14 of the Dungeon)

   [ring of protection]

   AC:        It affects your AC (+4).
   Str:       It affects your strength (+2).
   rN:        It protects you from negative energy.
   MP:        It affects your magic capacity (+9).
 K - an amulet of reflection (around neck)
Wands
 y - a wand of digging (14)
Scrolls
 n - 7 scrolls of identify
 u - 2 scrolls of teleportation
 w - a scroll of enchant weapon
 z - a scroll of brand weapon
Potions
 a - a potion of cancellation
 d - 4 potions of might
 f - 19 potions of curing
 i - 2 potions of resistance
 k - 3 potions of mutation
 l - 8 potions of attraction
 m - 4 potions of magic
 p - 2 potions of haste
 t - 4 potions of lignification

Dungeon Overview and Level Annotations

Branches:
Dungeon (15/15)            Temple (1/1) D:7            Lair (5/5) D:10
  Swamp (4/4) Lair:2        Slime (0/5) Lair:4          Orc (2/2) D:12
    Elf (0/3) Orc:2        Vaults (0/5) D:13         Depths (0/4) D:15
  Snake: Lair:2-3    Spider: Lair:2-3

Altars:
Ashenzari
Cheibriados
Dithmenos
Elyvilon
Fedhas
Gozag
Hepliaklqana
Kikubaaqudgha
Makhleb
Nemelex Xobeh
Okawaru
Qazlal
Ru
Sif Muna
Trog
Uskayaw
Vehumet
Wu Jian
Xom
Yredelemnul
Zin
The Shining One
Jiyva

Shops:
D:5 (   D:10 [=   Orc:1 =   Orc:2 (*(!(

Annotations:
D:8 2 transporters, qw's ghost, novice GrFi
D:13 3 runed translucent doors, Gonodgh's ghost, journeyman MiFi; Wemm's ghost, journeyman SpEn
Lair:4 2 runed translucent doors, qw's ghost, journeyman GrFi
Lair:5 3 runed translucent doors, qw's ghost, journeyman GrFi


Message History

There is an escape hatch in the ceiling here.
Things that are here:
+0 swamp dragon scales; a +0 quarterstaff; a +0 robe
There is a stone staircase leading up here.
There is a stone staircase leading up here.
You see here a +0 rapier.
There is a stone staircase leading up here.
Things that are here:
+0 swamp dragon scales; a +0 quarterstaff; a +0 robe
There is an escape hatch in the ceiling here.
Things that are here:
+0 swamp dragon scales; a +0 quarterstaff; a +0 robe
There is a stone staircase leading up here.
Things that are here:
+0 swamp dragon scales; a +0 quarterstaff; a +0 robe
There is an escape hatch in the ceiling here.
Things that are here:
+0 swamp dragon scales; a +0 quarterstaff; a +0 robe
There is a stone staircase leading up here.
There is a stone staircase leading up here.
You see here a +0 rapier.
There is a stone staircase leading up here.
Things that are here:
+0 swamp dragon scales; a +0 quarterstaff; a +0 robe
There is an escape hatch in the ceiling here.
Zot has nearly found you.
Suffering is imminent.
Descend or flee this branch!
Things that are here:
+0 swamp dragon scales; a +0 quarterstaff; a +0 robe
There is a stone staircase leading up here.
There is a stone staircase leading up here.
Things that are here:
+0 swamp dragon scales; a +0 quarterstaff; a +0 robe
There is an escape hatch in the ceiling here.
Things that are here:
+0 swamp dragon scales; a +0 quarterstaff; a +0 robe
There is a stone staircase leading up here.
You see here a +0 rapier.
There is a stone staircase leading up here.
Zot's power touches on you...
Are you sure you want to abandon this character and quit the game? (Confirm with "yes".)

7777.~~~~~.<...7
777~....~~..)77777
77..~[~~~...777
7.~~~~~~~7777
77.~~~~~..777
7~~~~~.7.~~.7
77~~~.~7.~~~7
7.~~.7~.~~~7
7~<@.77~..7777
7777~~~..~~~.7777777
7~~~.~~~~..77~~.7
77~...~~.~.~ยค~~.7
77...7777~~~~.77
77~~./.77...77
777.~.777777


77777 There were no monsters in sight!

Vanquished Creatures
  Mlioglotl (Swamp:2)
  Rupert (Lair:3)
  2 thorn hunters
  Roxanne (D:14)
  Louise (Swamp:2)
  6 bunyips
  Azrael (D:15)
  4 eleionomae
  Snorg (D:11)
  An ettin (D:14)
  A fire dragon (Lair:1)
  A yaktaur captain (D:14)
  A spriggan air mage (Swamp:4)
  Erolcha (D:11)
  14 hydras
  A death knight (D:13)
  4 catoblepae
  10 alligators
  6 centaur warriors
  A boulder beetle (D:12)
  5 two-headed ogres
  7 death yaks
  A tengu warrior (D:14)
  A spriggan berserker (Swamp:2)
  Sonja (Orc:1)
  A deep elf knight (Swamp:2)
  6 skeletal warriors
  Nergalle (Lair:2)
  Amaemon (D:11)
  6 skysharks
  Lodul (D:14)
  3 goliath frogs
  6 spriggan druids
  9 bog bodies
  17 slime creatures
  9 swamp dragons
  4 deep elf zephyrmancers
  A necromancer (D:15)
  2 orc knights
  6 deep elf pyromancers
  2 lindwurms (Lair:5)
  3 will-o-the-wisps
  3 orc sorcerers
  9 ugly things
  4 cyclopes
  8 elephants (Lair:5)
  A centaur zombie (D:15)
  7 manticores
  A black mamba (Lair:5)
  A molten gargoyle (Lair:1)
  4 gargoyles
  A torpor snail (Lair:5)
  4 centaur skeletons (D:13)
  An orange demon (D:11)
  2 unseen horrors
  8 cane toads
  2 rime drakes
  A kobold demonologist (D:13)
  A redback zombie (D:15)
  2 ice devils (Orc:1)
  An efreet (D:9)
  A freezing wraith (D:14)
  11 komodo dragons
  A tengu conjurer (D:14)
  7 trolls
  A bloated husk (Swamp:1)
  12 hornets
  12 tyrant leeches
  A meliai (shapeshifter) (D:15)
  Grinder (D:3)
  3 meliai
  A wind drake (shapeshifter) (D:14)
  8 blink frogs
  A dream sheep (shapeshifter) (D:13)
  2 dream sheep (Lair:5)
  A shadow (D:11)
  18 spriggans
  3 wraiths
  4 wyverns
  2 fire elementals (D:15)
  2 vampires
  3 fire bats (Orc:2)
  2 water elementals (D:13)
  6 basilisks
  27 yaks
  A redback simulacrum (D:15)
  17 vampire mosquitoes
  2 steam dragons
  13 swamp worms
  Menkaure (D:5)
  4 wargs (D:12)
  An acid dragon (D:10)
  11 water moccasins
  3 hell hounds (D:15)
  29 orc warriors
  4 sky beasts (D:7)
  5 swamp drakes
  An ice beast (D:5)
  A black bear (D:4)
  16 wolves
  4 boggarts (D:14)
  13 ogres
  A phantom (D:4)
  12 centaurs
  4 kobold brigands
  10 bullfrogs
  A gnoll sergeant (D:9)
  2 scorpions
  14 wights
  13 killer bees
  7 electric eels
  2 howler monkeys (D:5)
  A lava snake (Orc:2)
  8 orc priests
  7 hounds
  A sleepcap (D:6)
  3 gnoll boudas
  4 iguanas
  19 orc wizards
  A boggart zombie (D:15)
  2 hell rats (Lair:5)
  22 gnolls
  8 river rats
  9 adders
  3 shadow imps
  2 white imps (D:7)
  An ufetubus (D:5)
  2 worms (D:2)
  2 dart slugs (D:2)
  70 orcs
  9 ball pythons
  9 endoplasms
  3 giant cockroaches
  10 goblins
  10 hobgoblins
  2 jackals (D:1)
  A quokka (D:4)
  15 bats
  5 frilled lizards
  18 kobolds
  8 rats
790 creatures vanquished.

Vanquished Creatures (others)
  A deep elf knight (D:13)
  2 bloated husks
  14 foxfires
17 creatures vanquished.

Grand Total: 807 creatures vanquished

Notes
Turn   | Place    | Note
-------+----------+-------------------------------------------
     0 | D:1      | qw the Gargoyle Fighter began the quest for the Orb.
     0 | D:1      | Reached XP level 1. HP: 14/14 MP: 1/1
     0 | D:1      | 0 ||| qw: Version: 0.2-a-108-gee2c290
     0 | D:1      | 0 ||| qw: Game counter: 1459
     0 | D:1      | 0 ||| qw: Always use a shield: true
     0 | D:1      | 0 ||| qw: God list: Okawaru
     0 | D:1      | 0 ||| qw: Allow faded altars: false
     0 | D:1      | 0 ||| qw: Do Orc after D:15 true
     0 | D:1      | 0 ||| qw: Do second Lair branch before Depths: true
     0 | D:1      | 0 ||| qw: Lair rune preference: random
     0 | D:1      | 0 ||| qw: Plans: Normal, Zot:1-4, Slime:5, God:TSO, Crypt,
                  | Tomb, Abyss, Pan, Hells, Win
     0 | D:1      | 0 ||| PLANNING D:1-11
    26 | D:1      | 26 ||| Stepping ~*~*~tactically~*~*~ (stealth).
    28 | D:1      | 28 ||| Stepping ~*~*~tactically~*~*~ (stealth).
    32 | D:1      | 32 ||| Stepping ~*~*~tactically~*~*~ (stealth).
    39 | D:1      | 39 ||| Stepping ~*~*~tactically~*~*~ (stealth).
   183 | D:1      | Reached XP level 2. HP: 19/19 MP: 2/2
   206 | D:1      | Found a faded altar of an unknown god.
   311 | D:1      | 311 ||| DROPPING +0 club.
   689 | D:1      | 689 ||| DROPPING scarf of shadows.
   690 | D:1      | 690 ||| UPGRADING to +0 ice dragon scales.
   700 | D:1      | 700 ||| READING scroll labelled PIPAEB DIUR.
   703 | D:1      | 703 ||| READING scroll labelled BEFE XAACOPN.
   704 | D:1      | 704 ||| READING scroll labelled NYAVIL TOSUQU.
   711 | D:2      | Reached skill level 3 in Axes
   739 | D:2      | Reached XP level 3. HP: 23/23 MP: 3/3
   931 | D:2      | 931 ||| Stepping ~*~*~tactically~*~*~ (stealth).
  1105 | D:2      | Reached skill level 1 in Throwing
  1176 | D:2      | 1176 ||| Stepping ~*~*~tactically~*~*~ (stealth).
  1183 | D:2      | Reached XP level 4. HP: 28/28 MP: 4/4
  1184 | D:2      | 1184 ||| Stepping ~*~*~tactically~*~*~ (stealth).
  1415 | D:2      | 1415 ||| Stepping ~*~*~tactically~*~*~ (hiding).
  1417 | D:2      | 1417 ||| Stepping ~*~*~tactically~*~*~ (hiding).
  1418 | D:2      | 1418 ||| Stepping ~*~*~tactically~*~*~ (hiding).
  1422 | D:2      | 1422 ||| Stepping ~*~*~tactically~*~*~ (hiding).
  1424 | D:2      | 1424 ||| Stepping ~*~*~tactically~*~*~ (hiding).
  1425 | D:2      | 1425 ||| Stepping ~*~*~tactically~*~*~ (hiding).
  1589 | D:2      | 1589 ||| Stepping ~*~*~tactically~*~*~ (stealth).
  1865 | D:2      | 1865 ||| UPGRADING to +0 kite shield.
  1875 | D:2      | 1875 ||| DROPPING +0 buckler.
  1876 | D:2      | 1876 ||| READING scroll labelled HIFAEXTIUN.
  1877 | D:2      | 1877 ||| READING scroll labelled AHEXEX CUJEYLEOSH.
  1991 | D:3      | HP: 5/28 [gnoll/+0 whip (3)]
  1998 | D:3      | Reached skill level 4 in Shields
  1998 | D:3      | Reached XP level 5. HP: 7/32 MP: 5/5
  2135 | D:3      | 2135 ||| Stepping ~*~*~tactically~*~*~ (hiding).
  2139 | D:3      | 2139 ||| Stepping ~*~*~tactically~*~*~ (hiding).
  2141 | D:3      | 2141 ||| Stepping ~*~*~tactically~*~*~ (hiding).
  2142 | D:3      | 2142 ||| Stepping ~*~*~tactically~*~*~ (hiding).
  2143 | D:3      | 2143 ||| Stepping ~*~*~tactically~*~*~ (hiding).
  2203 | D:3      | 2203 ||| DROPPING +0 mace.
  2374 | D:3      | Noticed Grinder
  2388 | D:3      | Paralysed by Grinder for 2 turns
  2400 | D:3      | HP: 6/32 [Grinder (3)]
  2401 | D:3      | Killed Grinder
  2402 | D:3      | Reached skill level 6 in Shields
  2402 | D:3      | Reached XP level 6. HP: 7/37 MP: 6/6
  2590 | D:3      | Found a sacrificial altar of Ru.
  2871 | D:3      | Found a hazy altar of Hepliaklqana.
  2968 | D:3      | 2968 ||| READING scroll labelled HAFOTO ACZU.
  2969 | D:3      | 2969 ||| READING 2 scrolls labelled MOISAQ RYPAQOPS.
  2970 | D:3      | 2970 ||| DRINKING 2 amethyst potions.
  2971 | D:3      | 2971 ||| DRINKING 2 viscous ruby potions.
  2971 | D:3      | Gained mutation: Your spells are a little harder to cast,
                  | but a little more powerful. [potion of mutation]
  2971 | D:3      | Gained mutation: You are partially covered in iridescent
                  | scales. (AC +2) [potion of mutation]
  2972 | D:3      | 2972 ||| DRINKING 2 viscous dark potions.
  2973 | D:3      | 2973 ||| DROPPING potion of brilliance.
  2974 | D:3      | 2974 ||| DROPPING scroll of amnesia.
  2975 | D:3      | 2975 ||| DROPPING potion of flight.
  3029 | D:4      | 3029 ||| Stepping ~*~*~tactically~*~*~ (hiding).
  3204 | D:4      | Reached XP level 7. HP: 32/41 MP: 7/7
  3474 | D:4      | 3474 ||| Stepping ~*~*~tactically~*~*~ (stealth).
  3776 | D:4      | 3776 ||| DROPPING +0 scale mail.
  3777 | D:4      | 3777 ||| UPGRADING to +5 ring of evasion.
  3778 | D:4      | 3778 ||| READING scroll labelled QYEPTUTAQA.
  3779 | D:4      | 3779 ||| DRINKING 2 bubbling ruby potions.
  3822 | D:5      | Entered Level 5 of the Dungeon
  3832 | D:5      | Reached skill level 6 in Axes
  3922 | D:5      | Reached XP level 8. HP: 47/48 MP: 8/8
  3926 | D:5      | Found Garaul's Antique Weapon Emporium.
  3934 | D:5      | Reached skill level 1 in Dodging
  3936 | D:5      | 3936 ||| BUYING glowing broad axe (182 gold).
  3936 | D:5      | Bought a glowing broad axe for 182 gold pieces
  3936 | D:5      | 3936 ||| SHOPLISTING morningstar (104 gold, have 24).
  3936 | D:5      | 3936 ||| SHOPLISTING scorched whip (195 gold, have 24).
  3936 | D:5      | 3936 ||| SWAPPING to +0 heavy broad axe.
  3937 | D:5      | 3937 ||| DROPPING +0 war axe of protection.
  4036 | D:5      | Noticed Menkaure
  4037 | D:5      | 4037 ||| Stepping ~*~*~tactically~*~*~ (hiding).
  4043 | D:5      | Killed Menkaure
  4088 | D:5      | Identified the +7 war axe of Invincibility {freeze, Will++
                  | rCorr}
  4090 | D:5      | 4090 ||| SWAPPING to +7 war axe of Invincibility {freeze,
                  | Will++ rCorr}.
  4330 | D:5      | 4330 ||| UPGRADING to +4 ring of protection.
  4341 | D:6      | 4341 ||| PLANNING SEWER
  4342 | D:6      | 4342 ||| Stepping ~*~*~tactically~*~*~ (hiding).
  4500 | D:6      | Reached skill level 7 in Shields
  4661 | D:6      | Reached XP level 9. HP: 47/54 MP: 9/9
  4737 | D:6      | 4737 ||| Stepping ~*~*~tactically~*~*~ (stealth).
  4738 | D:6      | 4738 ||| Stepping ~*~*~tactically~*~*~ (stealth).
  4744 | D:6      | 4744 ||| Stepping ~*~*~tactically~*~*~ (stealth).
  4848 | D:6      | 4848 ||| Stepping ~*~*~tactically~*~*~ (stealth).
  4870 | D:6      | Reached skill level 6 in Fighting
  4933 | D:6      | 4933 ||| FLEEEEING.
  4967 | D:6      | Found a glowing drain.
  4968 | D:6      | 4968 ||| READING scroll labelled KOICRA QUIM.
  4969 | D:6      | 4969 ||| DRINKING 2 emerald potions.
  4970 | D:6      | 4970 ||| READING 3 scrolls of identify.
  4970 | D:6      | 4970 ||| IDENTIFYING dark potion
  4971 | D:6      | 4971 ||| READING 2 scrolls of identify.
  4971 | D:6      | 4971 ||| IDENTIFYING fuming ruby potion
  4972 | D:6      | 4972 ||| DRINKING potion of experience.
  4972 | D:6      | Reached skill level 14 in Shields
  4972 | D:6      | Reached XP level 10. HP: 60/60 MP: 10/10
  5145 | D:5      | 5145 ||| RIP SEWER
  5145 | D:5      | 5145 ||| PLANNING D:1-11
  5470 | D:7      | 5470 ||| PLANNING OSSUARY
  5514 | D:7      | 5514 ||| Stepping ~*~*~tactically~*~*~ (hiding).
  5523 | D:7      | 5523 ||| Stepping ~*~*~tactically~*~*~ (hiding).
  5582 | D:7      | 5582 ||| Stepping ~*~*~tactically~*~*~ (stealth).
  5590 | D:7      | 5590 ||| Stepping ~*~*~tactically~*~*~ (hiding).
  5653 | D:7      | 5653 ||| Stepping ~*~*~tactically~*~*~ (stealth).
  5674 | D:7      | 5674 ||| Stepping ~*~*~tactically~*~*~ (hiding).
  5833 | D:7      | 5833 ||| Stepping ~*~*~tactically~*~*~ (stealth).
  5835 | D:7      | 5835 ||| Stepping ~*~*~tactically~*~*~ (hiding).
  5864 | D:7      | 5864 ||| Stepping ~*~*~tactically~*~*~ (hiding).
  5865 | D:7      | 5865 ||| Stepping ~*~*~tactically~*~*~ (hiding).
  6008 | D:7      | 6008 ||| Stepping ~*~*~tactically~*~*~ (hiding).
  6029 | D:7      | 6029 ||| DROPPING +0 flail.
  6036 | D:7      | 6036 ||| DROPPING +3 flail.
  6127 | D:7      | Reached skill level 9 in Axes
  6155 | D:7      | Found a staircase to the Ecumenical Temple.
  6166 | D:7      | 6166 ||| RIP OSSUARY
  6274 | D:7      | 6274 ||| PLANNING TEMPLE
  6281 | D:7      | 6281 ||| UPGRADING to +0 helmet.
  6286 | D:7      | 6286 ||| READING 4 scrolls of identify.
  6286 | D:7      | 6286 ||| IDENTIFYING blue potion
  6287 | D:7      | 6287 ||| READING 3 scrolls of identify.
  6287 | D:7      | 6287 ||| IDENTIFYING fuming golden potion
  6288 | D:7      | 6288 ||| READING 2 scrolls of identify.
  6288 | D:7      | 6288 ||| IDENTIFYING inky potion
  6289 | D:7      | 6289 ||| DROPPING potion of berserk rage.
  6332 | Temple   | Entered the Ecumenical Temple
  6356 | Temple   | 6356 ||| PLANNING OKAWARU WORSHIP
  6524 | Temple   | Became a worshipper of Warmaster Okawaru
  6524 | Temple   | 6524 ||| PLANNING D:1-11
  6603 | D:8      | Found a transporter.
  6620 | D:8      | Noticed qw's ghost (novice GrFi)
  6624 | D:8      | Noticed an ice statue
  6627 | D:8      | 6627 ||| Stepping ~*~*~tactically~*~*~ (hiding).
  6631 | D:8      | 6631 ||| Stepping ~*~*~tactically~*~*~ (hiding).
  6648 | D:8      | Noticed a skeletal warrior
  6660 | D:8      | 6660 ||| Stepping ~*~*~tactically~*~*~ (stealth).
  6666 | D:8      | 6666 ||| Stepping ~*~*~tactically~*~*~ (stealth).
  6667 | D:8      | 6667 ||| Stepping ~*~*~tactically~*~*~ (stealth).
  6668 | D:8      | 6668 ||| Stepping ~*~*~tactically~*~*~ (stealth).
  6669 | D:8      | 6669 ||| Stepping ~*~*~tactically~*~*~ (stealth).
  6690 | D:8      | 6690 ||| Stepping ~*~*~tactically~*~*~ (stealth).
  6691 | D:8      | 6691 ||| Stepping ~*~*~tactically~*~*~ (stealth).
  6709 | D:8      | Reached * piety under Okawaru
  6709 | D:8      | Noticed a centaur warrior
  6711 | D:8      | 6711 ||| INVOKING Heroism.
  6722 | D:8      | Killed a centaur warrior
  6723 | D:8      | Reached skill level 1 in Invocations
  6723 | D:8      | Reached XP level 11. HP: 34/67 MP: 9/12
  6723 | D:8      | 6723 ||| INVOKING Heroism.
  6748 | D:8      | 6748 ||| Stepping ~*~*~tactically~*~*~ (stealth).
  6758 | D:8      | 6758 ||| INVOKING Heroism.
  6914 | D:8      | Identified the +9 quarterstaff "Dudunol" {freeze, rC+ Int+2
                  | Dex+3}
  6920 | D:8      | Found a transporter.
  6926 | D:8      | 6926 ||| INVOKING Heroism.
  7023 | D:8      | 7023 ||| Stepping ~*~*~tactically~*~*~ (hiding).
  7024 | D:8      | 7024 ||| Stepping ~*~*~tactically~*~*~ (hiding).
  7029 | D:8      | 7029 ||| INVOKING Heroism.
  7036 | D:8      | 7036 ||| Stepping ~*~*~tactically~*~*~ (cloud).
  7224 | D:8      | 7224 ||| DROPPING +0 chain mail.
  7225 | D:8      | 7225 ||| UPGRADING to +0 plate armour.
  7235 | D:8      | 7235 ||| UPGRADING to +2 pair of gloves.
  7240 | D:8      | 7240 ||| READING scroll labelled SITZIFFOPPO.
  7241 | D:8      | 7241 ||| READING scroll labelled SUNGEA YHOENU.
  7265 | D:9      | 7265 ||| INVOKING Heroism.
  7271 | D:9      | 7271 ||| Stepping ~*~*~tactically~*~*~ (cloud).
  7272 | D:9      | 7272 ||| Stepping ~*~*~tactically~*~*~ (cloud).
  7283 | D:9      | Reached skill level 3 in Invocations
  7293 | D:9      | 7293 ||| INVOKING Heroism.
  7907 | D:9      | Identified the +9 ring mail of Qazlal's Benevolence {rF+++
                  | rC+++ Str-4 SInv}
  7955 | D:9      | Noticed a green ugly thing
  7961 | D:9      | Killed a green ugly thing
  7974 | D:9      | Reached ** piety under Okawaru
  8027 | D:9      | Noticed a cyan ugly thing
  8039 | D:9      | Killed a cyan ugly thing
  8040 | D:9      | Reached skill level 6 in Armour
  8047 | D:9      | Noticed a skeletal warrior
  8050 | D:9      | Noticed a manticore
  8051 | D:9      | 8051 ||| INVOKING Heroism.
  8055 | D:9      | Noticed a cyan ugly thing
  8056 | D:9      | Killed a manticore
  8069 | D:9      | Killed a cyan ugly thing
  8118 | D:9      | 8118 ||| INVOKING Heroism.
  8132 | D:9      | Killed a skeletal warrior
  8273 | D:9      | Noticed a manticore
  8274 | D:9      | 8274 ||| INVOKING Heroism.
  8278 | D:9      | Killed a manticore
  8346 | D:9      | Reached *** piety under Okawaru
  8474 | D:9      | 8474 ||| UPGRADING to +9 ring mail of Qazlal's Benevolence
                  | {rF+++ rC+++ Str-4 SInv}.
  8484 | D:9      | 8484 ||| READING scroll labelled MEAKAA VEOLYT.
  8485 | D:9      | 8485 ||| DRINKING 2 clear potions.
  8506 | D:9      | 8506 ||| READING 3 scrolls of identify.
  8506 | D:9      | 8506 ||| IDENTIFYING golden potion
  8507 | D:9      | 8507 ||| DROPPING potion of ambrosia.
  8523 | D:10     | Entered Level 10 of the Dungeon
  8524 | D:10     | 8524 ||| Stepping ~*~*~tactically~*~*~ (hiding).
  8598 | D:10     | Found a snail-covered altar of Cheibriados.
  8808 | D:10     | 8808 ||| Stepping ~*~*~tactically~*~*~ (hiding).
  8822 | D:10     | 8822 ||| Stepping ~*~*~tactically~*~*~ (hiding).
  8852 | D:10     | 8852 ||| INVOKING Heroism.
  8857 | D:10     | Received a gift from Okawaru
  8949 | D:10     | 8949 ||| INVOKING Heroism.
  8962 | D:10     | Reached XP level 12. HP: 73/73 MP: 13/15
  8984 | D:10     | Found Cumn's Armour Shop.
  8992 | D:10     | 8992 ||| SHOPLISTING +0 crystal plate armour (960 gold,
                  | have 367).
  8992 | D:10     | 8992 ||| BUYING +0 tower shield of protection (138 gold).
  8992 | D:10     | Bought a +0 tower shield of protection for 138 gold pieces
  9049 | D:10     | Found Ustrivuvy's Jewellery Boutique.
  9054 | D:10     | 9054 ||| SHOPLISTING amulet of faith (560 gold, have 229).
  9054 | D:10     | 9054 ||| SHOPLISTING amulet of the acrobat (420 gold, have
                  | 229).
  9054 | D:10     | 9054 ||| SHOPLISTING ring of Dosmats {*Slow Fly rC+ Int+6
                  | Stlth+} (614 gold, have 229).
  9143 | D:10     | 9143 ||| Stepping ~*~*~tactically~*~*~ (hiding).
  9181 | D:10     | Received a gift from Okawaru
  9196 | D:10     | 9196 ||| INVOKING Heroism.
  9271 | D:10     | Found a staircase to the Lair.
  9323 | D:10     | Identified the +10 morningstar "Pukkor" {venom, +Blink rF+
                  | Dex+3}
  9325 | D:10     | 9325 ||| DROPPING +0 morningstar.
  9493 | D:10     | 9493 ||| PLANNING LAIR
  9493 | D:10     | 9493 ||| UPGRADING to +0 tower shield of protection.
  9503 | D:10     | 9503 ||| DROPPING +0 kite shield.
  9504 | D:10     | 9504 ||| READING scroll labelled ISCHYBL UNANIPS.
  9615 | Lair:1   | Entered Level 1 of the Lair of Beasts
  9623 | Lair:1   | 9623 ||| READING scroll of enchant armour.
  9623 | Lair:1   | 9623 ||| ENCHANTING +0 helmet.
  9711 | Lair:1   | 9711 ||| READING scroll of enchant armour.
  9711 | Lair:1   | 9711 ||| ENCHANTING +1 helmet.
  9768 | Lair:1   | 9768 ||| INVOKING Heroism.
  9805 | Lair:1   | 9805 ||| Stepping ~*~*~tactically~*~*~ (stealth).
  9806 | Lair:1   | 9806 ||| Stepping ~*~*~tactically~*~*~ (stealth).
  9807 | Lair:1   | 9807 ||| INVOKING Heroism.
  9866 | Lair:1   | 9866 ||| Stepping ~*~*~tactically~*~*~ (stealth).
  9945 | Lair:1   | Reached **** piety under Okawaru
  9946 | Lair:1   | Reached skill level 3 in Throwing
  9980 | Lair:1   | Noticed a fire dragon
  9981 | Lair:1   | 9981 ||| INVOKING Heroism.
  9996 | Lair:1   | Killed a fire dragon
  9997 | Lair:1   | Reached skill level 9 in Fighting
 10073 | Lair:1   | 10073 ||| Stepping ~*~*~tactically~*~*~ (stealth).
 10075 | Lair:1   | 10075 ||| Stepping ~*~*~tactically~*~*~ (stealth).
 10536 | Lair:1   | 10536 ||| DROPPING +6 ring of dexterity.
 10537 | Lair:1   | 10537 ||| READING scroll labelled WYSSIWKEUS.
 10585 | Lair:1   | 10585 ||| READING scroll labelled DOEFRAOMUU.
 10633 | Lair:2   | Found a staircase to the Swamp.
 10692 | Lair:2   | Noticed a skyshark
 10711 | Lair:2   | Killed a skyshark
 10714 | Lair:2   | Noticed Nergalle
 10715 | Lair:2   | 10715 ||| Stepping ~*~*~tactically~*~*~ (stealth).
 10718 | Lair:2   | 10718 ||| Stepping ~*~*~tactically~*~*~ (stealth).
 10720 | Lair:2   | 10720 ||| Stepping ~*~*~tactically~*~*~ (hiding).
 10722 | Lair:2   | 10722 ||| INVOKING Heroism.
 10729 | Lair:2   | Killed Nergalle
 10729 | Lair:2   | Received a gift from Okawaru
 10757 | Lair:2   | 10757 ||| INVOKING Heroism.
 11036 | Lair:2   | Reached skill level 6 in Invocations
 11617 | Lair:2   | 11617 ||| INVOKING Heroism.
 11897 | Lair:3   | 11897 ||| Stepping ~*~*~tactically~*~*~ (stealth).
 11899 | Lair:3   | 11899 ||| INVOKING Heroism.
 11938 | Lair:3   | Noticed a skyshark
 11952 | Lair:3   | Killed a skyshark
 12009 | Lair:3   | 12009 ||| INVOKING Heroism.
 12028 | Lair:3   | 12028 ||| Stepping ~*~*~tactically~*~*~ (stealth).
 12034 | Lair:3   | 12034 ||| Stepping ~*~*~tactically~*~*~ (stealth).
 12051 | Lair:3   | 12051 ||| Stepping ~*~*~tactically~*~*~ (stealth).
 12058 | Lair:3   | 12058 ||| Stepping ~*~*~tactically~*~*~ (stealth).
 12074 | Lair:3   | 12074 ||| INVOKING Heroism.
 12084 | Lair:3   | Reached XP level 13. HP: 58/80 MP: 16/18
 12085 | Lair:3   | Reached skill level 12 in Axes
 12160 | Lair:3   | 12160 ||| INVOKING Heroism.
 12187 | Lair:3   | Noticed Rupert
 12188 | Lair:3   | 12188 ||| Stepping ~*~*~tactically~*~*~ (stealth).
 12190 | Lair:3   | 12190 ||| INVOKING Heroism.
 12213 | Lair:3   | Killed Rupert
 12442 | Lair:3   | 12442 ||| INVOKING Heroism.
 12447 | Lair:3   | 12447 ||| SWAPPING to +10 morningstar "Pukkor" {venom,
                  | +Blink rF+ Dex+3}.
 12452 | Lair:3   | 12452 ||| SWAPPING to +7 war axe of Invincibility {freeze,
                  | Will++ rCorr}.
 12511 | Lair:3   | 12511 ||| INVOKING Heroism.
 12584 | Lair:3   | 12584 ||| INVOKING Heroism.
 12633 | Lair:3   | 12633 ||| INVOKING Heroism.
 12755 | Lair:3   | 12755 ||| Stepping ~*~*~tactically~*~*~ (stealth).
 13076 | Lair:4   | 13076 ||| INVOKING Heroism.
 13107 | Lair:4   | Found a staircase to the Slime Pits.
 13107 | Lair:4   | Found a viscous altar of Jiyva.
 13164 | Lair:4   | 13164 ||| INVOKING Heroism.
 13269 | Lair:4   | Found a large runed translucent door.
 13269 | Lair:4   | Found a large runed translucent door.
 13270 | Lair:4   | Noticed qw's ghost (journeyman GrFi)
 13392 | Lair:4   | Reached skill level 9 in Invocations
 13510 | Lair:4   | 13510 ||| INVOKING Heroism.
 13944 | Lair:4   | 13944 ||| READING scroll labelled QETOHEU TECA.
 13968 | Lair:5   | Entered Level 5 of the Lair of Beasts
 13970 | Lair:5   | 13970 ||| Stepping ~*~*~tactically~*~*~ (stealth).
 13973 | Lair:5   | 13973 ||| Stepping ~*~*~tactically~*~*~ (stealth).
 13983 | Lair:5   | Reached ***** piety under Okawaru
 13994 | Lair:5   | 13994 ||| Stepping ~*~*~tactically~*~*~ (stealth).
 14152 | Lair:5   | 14152 ||| Stepping ~*~*~tactically~*~*~ (stealth).
 14153 | Lair:5   | 14153 ||| Stepping ~*~*~tactically~*~*~ (stealth).
 14191 | Lair:5   | 14191 ||| Stepping ~*~*~tactically~*~*~ (stealth).
 14268 | Lair:5   | Identified the +0 chain mail "Daly" {*Corrode +Blink rPois
                  | Will++}
 14274 | Lair:5   | 14274 ||| INVOKING Heroism.
 14313 | Lair:5   | 14313 ||| Stepping ~*~*~tactically~*~*~ (hiding).
 14315 | Lair:5   | 14315 ||| Stepping ~*~*~tactically~*~*~ (hiding).
 14321 | Lair:5   | 14321 ||| INVOKING Heroism.
 14356 | Lair:5   | 14356 ||| Stepping ~*~*~tactically~*~*~ (stealth).
 14358 | Lair:5   | 14358 ||| Stepping ~*~*~tactically~*~*~ (stealth).
 14360 | Lair:5   | 14360 ||| Stepping ~*~*~tactically~*~*~ (stealth).
 14362 | Lair:5   | 14362 ||| Stepping ~*~*~tactically~*~*~ (stealth).
 14364 | Lair:5   | 14364 ||| Stepping ~*~*~tactically~*~*~ (stealth).
 14366 | Lair:5   | 14366 ||| Stepping ~*~*~tactically~*~*~ (stealth).
 14376 | Lair:5   | 14376 ||| INVOKING Heroism.
 14392 | Lair:5   | Reached skill level 15 in Shields
 14396 | Lair:5   | 14396 ||| INVOKING Finesse.
 14410 | Lair:5   | Received a gift from Okawaru
 14413 | Lair:5   | Reached skill level 3 in Dodging
 14413 | Lair:5   | Gained mutation: Your large and strong wings let you fly.
                  | [Gargoyle growth]
 14413 | Lair:5   | Reached XP level 14. HP: 69/88 MP: 16/21
 14428 | Lair:5   | 14428 ||| Stepping ~*~*~tactically~*~*~ (stealth).
 14430 | Lair:5   | 14430 ||| Stepping ~*~*~tactically~*~*~ (stealth).
 14431 | Lair:5   | 14431 ||| Stepping ~*~*~tactically~*~*~ (stealth).
 14455 | Lair:5   | 14455 ||| Stepping ~*~*~tactically~*~*~ (stealth).
 14456 | Lair:5   | 14456 ||| Stepping ~*~*~tactically~*~*~ (stealth).
 14457 | Lair:5   | 14457 ||| Stepping ~*~*~tactically~*~*~ (stealth).
 14472 | Lair:5   | 14472 ||| Stepping ~*~*~tactically~*~*~ (stealth).
 14491 | Lair:5   | 14491 ||| INVOKING Heroism.
 14492 | Lair:5   | 14492 ||| INVOKING Finesse.
 14566 | Lair:5   | 14566 ||| Stepping ~*~*~tactically~*~*~ (stealth).
 14568 | Lair:5   | 14568 ||| Stepping ~*~*~tactically~*~*~ (hiding).
 14578 | Lair:5   | 14578 ||| INVOKING Heroism.
 14584 | Lair:5   | 14584 ||| SWAPPING to +10 morningstar "Pukkor" {venom,
                  | +Blink rF+ Dex+3}.
 14590 | Lair:5   | 14590 ||| SWAPPING to +7 war axe of Invincibility {freeze,
                  | Will++ rCorr}.
 14598 | Lair:5   | 14598 ||| INVOKING Finesse.
 14797 | Lair:5   | 14797 ||| Stepping ~*~*~tactically~*~*~ (stealth).
 14868 | Lair:5   | 14868 ||| Stepping ~*~*~tactically~*~*~ (stealth).
 14871 | Lair:5   | 14871 ||| INVOKING Heroism.
 14891 | Lair:5   | 14891 ||| Stepping ~*~*~tactically~*~*~ (hiding).
 14898 | Lair:5   | 14898 ||| INVOKING Heroism.
 14919 | Lair:5   | Found a runed translucent gate.
 14919 | Lair:5   | Found a runed translucent gate.
 14919 | Lair:5   | Found a runed translucent gate.
 14921 | Lair:5   | Noticed qw's ghost (journeyman GrFi)
 15160 | Lair:5   | 15160 ||| PLANNING D:1-11
 15160 | Lair:5   | 15160 ||| DROPPING +0 chain mail "Daly" {*Corrode +Blink
                  | rPois Will++}.
 15161 | Lair:5   | 15161 ||| READING 8 scrolls of identify.
 15161 | Lair:5   | 15161 ||| IDENTIFYING fuming amethyst potion
 15162 | Lair:5   | 15162 ||| READING 7 scrolls of identify.
 15162 | Lair:5   | 15162 ||| IDENTIFYING ruby potion
 15163 | Lair:5   | 15163 ||| DROPPING potion of degeneration.
 15534 | D:11     | 15534 ||| Stepping ~*~*~tactically~*~*~ (stealth).
 15536 | D:11     | 15536 ||| Stepping ~*~*~tactically~*~*~ (hiding).
 15555 | D:11     | Noticed Amaemon
 15556 | D:11     | 15556 ||| Stepping ~*~*~tactically~*~*~ (hiding).
 15569 | D:11     | Killed Amaemon
 15623 | D:11     | Noticed Erolcha
 15624 | D:11     | 15624 ||| Stepping ~*~*~tactically~*~*~ (hiding).
 15627 | D:11     | 15627 ||| INVOKING Heroism.
 15631 | D:11     | 15631 ||| Stepping ~*~*~tactically~*~*~ (hiding).
 15644 | D:11     | Killed Erolcha
 15701 | D:11     | Received a gift from Okawaru
 15762 | D:11     | Noticed Snorg
 15763 | D:11     | 15763 ||| INVOKING Heroism.
 15773 | D:11     | Killed Snorg
 15784 | D:11     | HP: 14/88 [very large slime creature (36)]
 15785 | D:11     | 15785 ||| READING 8 scrolls of teleportation.
 15786 | D:11     | 15786 ||| DRINKING 2 potions of heal wounds.
 16279 | D:11     | 16279 ||| PLANNING D
 16279 | D:11     | 16279 ||| DROPPING ring of positive energy.
 16280 | D:11     | 16280 ||| READING scroll labelled REOTAE FAANU.
 16381 | D:11     | 16381 ||| READING 8 scrolls of identify.
 16381 | D:11     | 16381 ||| IDENTIFYING fizzy emerald potion
 16426 | D:12     | 16426 ||| INVOKING Heroism.
 16619 | D:12     | 16619 ||| Stepping ~*~*~tactically~*~*~ (stealth).
 16680 | D:12     | 16680 ||| Stepping ~*~*~tactically~*~*~ (stealth).
 16686 | D:12     | 16686 ||| INVOKING Heroism.
 16692 | D:12     | 16692 ||| READING 7 scrolls of teleportation.
 16722 | D:12     | 16722 ||| Stepping ~*~*~tactically~*~*~ (stealth).
 16784 | D:12     | 16784 ||| INVOKING Heroism.
 16887 | D:12     | Found a staircase to the Orcish Mines.
 16923 | D:12     | 16923 ||| Stepping ~*~*~tactically~*~*~ (stealth).
 16932 | D:12     | Received a gift from Okawaru
 17276 | D:12     | 17276 ||| DROPPING +2 helmet.
 17360 | D:13     | 17360 ||| Stepping ~*~*~tactically~*~*~ (hiding).
 17361 | D:13     | 17361 ||| Stepping ~*~*~tactically~*~*~ (hiding).
 17391 | D:13     | Received a gift from Okawaru
 17392 | D:13     | Reached skill level 16 in Shields
 17407 | D:13     | 17407 ||| INVOKING Heroism.
 17425 | D:13     | Received a gift from Okawaru
 17426 | D:13     | Reached skill level 6 in Throwing
 17426 | D:13     | Reached XP level 15. HP: 47/94 MP: 22/22
 17437 | D:13     | 17437 ||| Stepping ~*~*~tactically~*~*~ (hiding).
 17580 | D:13     | Found a gate to the Vaults.
 17664 | D:13     | 17664 ||| Stepping ~*~*~tactically~*~*~ (hiding).
 17769 | D:13     | 17769 ||| Stepping ~*~*~tactically~*~*~ (stealth).
 17770 | D:13     | 17770 ||| Stepping ~*~*~tactically~*~*~ (stealth).
 17772 | D:13     | 17772 ||| Stepping ~*~*~tactically~*~*~ (stealth).
 17782 | D:13     | 17782 ||| INVOKING Heroism.
 17786 | D:13     | 17786 ||| READING 7 scrolls of teleportation.
 17796 | D:13     | Identified the scarf "Goumewu" {shadows, Str+3} (Okawaru
                  | gifted it to you on level 13 of the Dungeon)
 17796 | D:13     | Received a gift from Okawaru
 17955 | D:13     | Found a runed translucent gate.
 17956 | D:13     | Found a runed translucent gate.
 17957 | D:13     | Found a runed translucent gate.
 17957 | D:13     | Noticed a lich
 17957 | D:13     | Noticed a lich
 17958 | D:13     | Found an ancient bone altar of Kikubaaqudgha.
 17958 | D:13     | Noticed Wemm's ghost (journeyman SpEn)
 17958 | D:13     | Noticed Gonodgh's ghost (journeyman MiFi)
 17959 | D:13     | Noticed Wemm's ghost (journeyman SpEn)
 18157 | D:13     | 18157 ||| Stepping ~*~*~tactically~*~*~ (stealth).
 18165 | D:13     | 18165 ||| INVOKING Heroism.
 18414 | D:13     | Found a snail-covered altar of Cheibriados.
 18473 | D:13     | 18473 ||| UPGRADING to scarf "Goumewu" {shadows, Str+3}.
 18562 | D:14     | Identified the +1 ring mail "Bowkulug" {rC- rCorr Str+5
                  | Int+2}
 18614 | D:14     | Noticed Roxanne
 18615 | D:14     | 18615 ||| INVOKING Heroism.
 18616 | D:14     | 18616 ||| INVOKING Finesse.
 18654 | D:14     | Killed Roxanne
 18655 | D:14     | Reached skill level 15 in Axes
 18800 | D:14     | Noticed Lodul
 18801 | D:14     | 18801 ||| INVOKING Heroism.
 18804 | D:14     | 18804 ||| Stepping ~*~*~tactically~*~*~ (hiding).
 18811 | D:14     | Killed Lodul
 18827 | D:14     | 18827 ||| INVOKING Heroism.
 18886 | D:14     | Reached skill level 12 in Fighting
 18891 | D:14     | 18891 ||| INVOKING Heroism.
 18896 | D:14     | HP: 23/96 [wind drake (glowing shapeshifter) (3)]
 18897 | D:14     | 18897 ||| READING 6 scrolls of teleportation.
 18898 | D:14     | 18898 ||| DRINKING potion of heal wounds.
 19101 | D:14     | 19101 ||| INVOKING Heroism.
 19104 | D:14     | 19104 ||| SWAPPING to +10 morningstar "Pukkor" {venom,
                  | +Blink rF+ Dex+3}.
 19108 | D:14     | 19108 ||| SWAPPING to +7 war axe of Invincibility {freeze,
                  | Will++ rCorr}.
 19160 | D:14     | 19160 ||| Stepping ~*~*~tactically~*~*~ (stealth).
 19176 | D:14     | Identified the ring of Ecki {Drain rC+ rN+ rCorr}
 19180 | D:14     | Identified the ring of Nihilism {rN+ MP+9 AC+4 Str+2}
 19182 | D:14     | Identified the +4 chain mail "Plog" {rC+}
 19493 | D:14     | 19493 ||| DROPPING +0 plate armour.
 19494 | D:14     | 19494 ||| UPGRADING to ring of Nihilism {rN+ MP+9 AC+4
                  | Str+2}.
 19536 | D:14     | 19536 ||| UPGRADING to +5 ring of evasion.
 19538 | D:14     | 19538 ||| DROPPING +4 ring of protection.
 19548 | D:15     | Entered Level 15 of the Dungeon
 19549 | D:15     | 19549 ||| PLANNING GAUNTLET
 19662 | D:15     | 19662 ||| INVOKING Heroism.
 19663 | D:15     | 19663 ||| SWAPPING to +10 morningstar "Pukkor" {venom,
                  | +Blink rF+ Dex+3}.
 19669 | D:15     | 19669 ||| SWAPPING to +7 war axe of Invincibility {freeze,
                  | Will++ rCorr}.
 19739 | D:15     | 19739 ||| Stepping ~*~*~tactically~*~*~ (stealth).
 19741 | D:15     | 19741 ||| Stepping ~*~*~tactically~*~*~ (stealth).
 19757 | D:15     | 19757 ||| INVOKING Heroism.
 19766 | D:15     | Received a gift from Okawaru
 20069 | D:15     | 20069 ||| INVOKING Heroism.
 20069 | D:15     | 20069 ||| RIP GAUNTLET
 20070 | D:15     | 20070 ||| PLANNING D
 20072 | D:15     | 20072 ||| Stepping ~*~*~tactically~*~*~ (hiding).
 20092 | D:15     | 20092 ||| Stepping ~*~*~tactically~*~*~ (stealth).
 20094 | D:15     | 20094 ||| Stepping ~*~*~tactically~*~*~ (stealth).
 20098 | D:15     | 20098 ||| Stepping ~*~*~tactically~*~*~ (hiding).
 20099 | D:15     | 20099 ||| Stepping ~*~*~tactically~*~*~ (hiding).
 20101 | D:15     | 20101 ||| Stepping ~*~*~tactically~*~*~ (hiding).
 20102 | D:15     | 20102 ||| Stepping ~*~*~tactically~*~*~ (hiding).
 20103 | D:15     | 20103 ||| Stepping ~*~*~tactically~*~*~ (hiding).
 20158 | D:15     | 20158 ||| Stepping ~*~*~tactically~*~*~ (hiding).
 20160 | D:15     | 20160 ||| Stepping ~*~*~tactically~*~*~ (hiding).
 20176 | D:15     | Found a staircase to the Depths.
 20228 | D:15     | Noticed Azrael
 20229 | D:15     | 20229 ||| INVOKING Heroism.
 20239 | D:15     | Killed Azrael
 20365 | D:15     | 20365 ||| PLANNING ORC
 20365 | D:15     | 20365 ||| UPGRADING to +0 cloak.
 20375 | D:15     | 20375 ||| DROPPING scarf "Goumewu" {shadows, Str+3}.
 20490 | Orc:1    | Entered Level 1 of the Orcish Mines
 20490 | Orc:1    | Noticed Sonja
 20491 | Orc:1    | 20491 ||| Stepping ~*~*~tactically~*~*~ (hiding).
 20497 | Orc:1    | Killed Sonja
 20499 | Orc:1    | 20499 ||| Stepping ~*~*~tactically~*~*~ (hiding).
 20502 | Orc:1    | 20502 ||| INVOKING Heroism.
 20505 | Orc:1    | 20505 ||| Stepping ~*~*~tactically~*~*~ (hiding).
 20510 | Orc:1    | 20510 ||| Stepping ~*~*~tactically~*~*~ (hiding).
 20596 | Orc:1    | Found Dediomm's Jewellery Boutique.
 20598 | Orc:1    | 20598 ||| BUYING amulet of regeneration (480 gold).
 20598 | Orc:1    | Bought an amulet of regeneration for 480 gold pieces
 20598 | Orc:1    | 20598 ||| BUYING ring of resist corrosion (320 gold).
 20598 | Orc:1    | Bought a ring of resist corrosion for 320 gold pieces
 20697 | Orc:1    | 20697 ||| UPGRADING to amulet of regeneration.
 20719 | Orc:2    | Entered Level 2 of the Orcish Mines
 20730 | Orc:2    | Found a staircase to the Elven Halls.
 20797 | Orc:2    | 20797 ||| Stepping ~*~*~tactically~*~*~ (hiding).
 20799 | Orc:2    | 20799 ||| Stepping ~*~*~tactically~*~*~ (hiding).
 21020 | Orc:2    | Found Xisopo's Antique Weapon Shop.
 21022 | Orc:2    | 21022 ||| INVOKING Heroism.
 21029 | Orc:2    | Reached XP level 16. HP: 98/101 MP: 23/23
 21065 | Orc:2    | Found Vivaqud's Assorted Antiques.
 21065 | Orc:2    | Found Abacsimi's Weapon Shoppe.
 21072 | Orc:2    | 21072 ||| DROPPING +0 heavy broad axe.
 21114 | Orc:2    | Found Gasoky's Weapon Boutique.
 21117 | Orc:2    | Found Omiu's Distillery.
 21145 | Orc:2    | Reached skill level 17 in Shields
 21164 | Orc:2    | 21164 ||| BUYING dented filigree amulet (160 gold).
 21164 | Orc:2    | Bought a dented filigree amulet for 160 gold pieces
 21164 | Orc:2    | 21164 ||| SHOPLISTING potion of experience (1600 gold, have
                  | 539).
 21164 | Orc:2    | 21164 ||| BUYING shiny glass ring (160 gold).
 21164 | Orc:2    | Bought a shiny glass ring for 160 gold pieces
 21171 | Orc:2    | 21171 ||| BUYING 2 potions of curing (66 gold).
 21171 | Orc:2    | Bought 2 potions of curing for 66 gold pieces
 21171 | Orc:2    | 21171 ||| BUYING 2 potions of curing (66 gold).
 21171 | Orc:2    | Bought 2 potions of curing for 66 gold pieces
 21171 | Orc:2    | 21171 ||| BUYING 2 potions of magic (176 gold).
 21171 | Orc:2    | Bought 2 potions of magic for 176 gold pieces
 21171 | Orc:2    | 21171 ||| BUYING potion of curing (33 gold).
 21171 | Orc:2    | Bought a potion of curing for 33 gold pieces
 21171 | Orc:2    | 21171 ||| SHOPLISTING potion of haste (110 gold, have 38).
 21171 | Orc:2    | 21171 ||| SHOPLISTING potion of heal wounds (55 gold, have
                  | 38).
 21171 | Orc:2    | 21171 ||| SHOPLISTING potion of magic (88 gold, have 38).
 21171 | Orc:2    | 21171 ||| SHOPLISTING potion of might (44 gold, have 38).
 21256 | Orc:2    | 21256 ||| DROPPING amulet of the acrobat.
 21257 | Orc:2    | 21257 ||| DROPPING ring of magical power.
 21267 | Orc:1    | 21267 ||| INVOKING Heroism.
 21284 | Orc:1    | 21284 ||| INVOKING Heroism.
 21882 | Orc:2    | 21882 ||| PLANNING SWAMP:1-3
 22106 | Swamp:1  | Entered Level 1 of the Swamp
 22108 | Swamp:1  | 22108 ||| INVOKING Heroism.
 22153 | Swamp:1  | 22153 ||| Stepping ~*~*~tactically~*~*~ (hiding).
 22154 | Swamp:1  | 22154 ||| Stepping ~*~*~tactically~*~*~ (hiding).
 22217 | Swamp:1  | 22217 ||| FLEEEEING.
 22218 | Swamp:1  | 22218 ||| FLEEEEING.
 22219 | Swamp:1  | 22219 ||| FLEEEEING.
 22220 | Swamp:1  | 22220 ||| FLEEEEING.
 22226 | Swamp:1  | 22226 ||| FLEEEEING.
 22229 | Swamp:1  | 22229 ||| STAIRDANCE
 22285 | Swamp:1  | 22285 ||| Stepping ~*~*~tactically~*~*~ (hiding).
 22334 | Swamp:1  | 22334 ||| Stepping ~*~*~tactically~*~*~ (hiding).
 22335 | Swamp:1  | 22335 ||| INVOKING Heroism.
 22447 | Swamp:1  | 22447 ||| Stepping ~*~*~tactically~*~*~ (hiding).
 22449 | Swamp:1  | 22449 ||| Stepping ~*~*~tactically~*~*~ (hiding).
 22599 | Swamp:1  | 22599 ||| Stepping ~*~*~tactically~*~*~ (hiding).
 22621 | Swamp:1  | Received a gift from Okawaru
 22994 | Swamp:2  | 22994 ||| INVOKING Heroism.
 23042 | Swamp:2  | 23042 ||| INVOKING Heroism.
 23045 | Swamp:2  | 23045 ||| Stepping ~*~*~tactically~*~*~ (stealth).
 23060 | Swamp:2  | Noticed Louise
 23061 | Swamp:2  | 23061 ||| INVOKING Finesse.
 23086 | Swamp:2  | Killed Louise
 23106 | Swamp:2  | Noticed Mlioglotl
 23107 | Swamp:2  | 23107 ||| INVOKING Heroism.
 23109 | Swamp:2  | 23109 ||| Stepping ~*~*~tactically~*~*~ (hiding).
 23122 | Swamp:2  | Noticed a tentacled starspawn
 23123 | Swamp:2  | Killed Mlioglotl
 23185 | Swamp:2  | Noticed a thorn hunter
 23186 | Swamp:2  | 23186 ||| INVOKING Heroism.
 23199 | Swamp:2  | Killed a thorn hunter
 23234 | Swamp:2  | 23234 ||| INVOKING Heroism.
 23266 | Swamp:2  | 23266 ||| Stepping ~*~*~tactically~*~*~ (stealth).
 23268 | Swamp:2  | 23268 ||| Stepping ~*~*~tactically~*~*~ (stealth).
 23270 | Swamp:2  | 23270 ||| Stepping ~*~*~tactically~*~*~ (stealth).
 23272 | Swamp:2  | 23272 ||| Stepping ~*~*~tactically~*~*~ (stealth).
 23274 | Swamp:2  | 23274 ||| Stepping ~*~*~tactically~*~*~ (stealth).
 23276 | Swamp:2  | 23276 ||| Stepping ~*~*~tactically~*~*~ (hiding).
 23277 | Swamp:2  | 23277 ||| Stepping ~*~*~tactically~*~*~ (hiding).
 23453 | Swamp:2  | 23453 ||| INVOKING Heroism.
 23605 | Swamp:2  | 23605 ||| Stepping ~*~*~tactically~*~*~ (stealth).
 23608 | Swamp:2  | 23608 ||| Stepping ~*~*~tactically~*~*~ (stealth).
 23627 | Swamp:2  | 23627 ||| INVOKING Heroism.
 23628 | Swamp:2  | 23628 ||| Stepping ~*~*~tactically~*~*~ (hiding).
 23640 | Swamp:2  | 23640 ||| SWAPPING to +4 heavy eveningstar.
 23647 | Swamp:2  | 23647 ||| SWAPPING to +7 war axe of Invincibility {freeze,
                  | Will++ rCorr}.
 23685 | Swamp:2  | 23685 ||| INVOKING Heroism.
 23733 | Swamp:2  | 23733 ||| DROPPING scarf of shadows.
 23734 | Swamp:2  | 23734 ||| DROPPING +6 ring of strength.
 23820 | Swamp:3  | Received a gift from Okawaru
 24040 | Swamp:3  | 24040 ||| INVOKING Heroism.
 24045 | Swamp:3  | 24045 ||| INVOKING Finesse.
 24055 | Swamp:3  | 24055 ||| SWAPPING to +4 heavy eveningstar.
 24059 | Swamp:3  | Received a gift from Okawaru
 24083 | Swamp:3  | 24083 ||| SWAPPING to +7 war axe of Invincibility {freeze,
                  | Will++ rCorr}.
 24138 | Swamp:3  | 24138 ||| INVOKING Heroism.
 24151 | Swamp:3  | Reached skill level 18 in Shields
 24351 | Swamp:3  | Identified 2 scrolls of acquirement
 24361 | Swamp:3  | 24361 ||| READING 2 scrolls of acquirement.
 24361 | Swamp:3  | 24361 ||| ACQUIRING amulet of reflection
 24361 | Swamp:3  | Acquired an amulet of reflection
 24363 | Swamp:3  | 24363 ||| UPGRADING to amulet of reflection.
 24373 | Swamp:3  | 24373 ||| READING scroll of acquirement.
 24373 | Swamp:3  | 24373 ||| ACQUIRING 797 gold pieces
 24373 | Swamp:3  | Acquired 797 gold pieces
 24414 | Swamp:3  | 24414 ||| INVOKING Heroism.
 24418 | Swamp:3  | 24418 ||| SWAPPING to +4 heavy eveningstar.
 24422 | Swamp:3  | 24422 ||| SWAPPING to +7 war axe of Invincibility {freeze,
                  | Will++ rCorr}.
 24444 | Swamp:3  | 24444 ||| INVOKING Heroism.
 24458 | Swamp:3  | Received a gift from Okawaru
 24530 | Swamp:3  | 24530 ||| Stepping ~*~*~tactically~*~*~ (stealth).
 24532 | Swamp:3  | 24532 ||| Stepping ~*~*~tactically~*~*~ (hiding).
 24534 | Swamp:3  | 24534 ||| INVOKING Heroism.
 24633 | Swamp:3  | 24633 ||| DROPPING amulet of regeneration.
 24663 | Swamp:4  | Entered Level 4 of the Swamp
 24727 | Swamp:4  | Reached XP level 17. HP: 107/111 MP: 24/24
 24795 | Swamp:4  | 24795 ||| INVOKING Heroism.
 24803 | Swamp:4  | 24803 ||| SWAPPING to +4 heavy eveningstar.
 24807 | Swamp:4  | 24807 ||| SWAPPING to +7 war axe of Invincibility {freeze,
                  | Will++ rCorr}.
 24808 | Swamp:4  | 24808 ||| SWAPPING to +4 heavy eveningstar.
 24810 | Swamp:4  | 24810 ||| Stepping ~*~*~tactically~*~*~ (outnumbered).
 24811 | Swamp:4  | 24811 ||| SWAPPING to +7 war axe of Invincibility {freeze,
                  | Will++ rCorr}.
 24813 | Swamp:4  | 24813 ||| SWAPPING to +4 heavy eveningstar.
 24819 | Swamp:4  | 24819 ||| INVOKING Heroism.
 24820 | Swamp:4  | HP: 26/111 [swamp dragon (5)]
 24821 | Swamp:4  | 24821 ||| READING 6 scrolls of teleportation.
 24822 | Swamp:4  | 24822 ||| DRINKING 2 potions of heal wounds.
 24823 | Swamp:4  | 24823 ||| DRINKING potion of heal wounds.
 24824 | Swamp:4  | 24824 ||| SWAPPING to +7 war axe of Invincibility {freeze,
                  | Will++ rCorr}.
 24826 | Swamp:4  | HP: 17/111 [spriggan air mage/the air (24)]
 24827 | Swamp:4  | 24827 ||| READING 5 scrolls of teleportation.
 24831 | Swamp:4  | 24831 ||| READING 4 scrolls of teleportation.
 24831 | Swamp:4  | HP: 9/111 [bog body] (5)]
 24832 | Swamp:4  | 24832 ||| SWAPPING to +4 heavy eveningstar.
 24835 | Swamp:4  | 24835 ||| READING 3 scrolls of teleportation.
 24836 | Swamp:4  | HP: 10/111 [five-headed hydra (3)]
 24838 | Swamp:4  | 24838 ||| SWAPPING to +7 war axe of Invincibility {freeze,
                  | Will++ rCorr}.
 25138 | Swamp:4  | 25138 ||| INVOKING Heroism.
 25147 | Swamp:4  | 25147 ||| SWAPPING to +4 heavy eveningstar.
 25149 | Swamp:4  | Reached skill level 9 in Armour
 25150 | Swamp:4  | 25150 ||| SWAPPING to +7 war axe of Invincibility {freeze,
                  | Will++ rCorr}.
 25172 | Swamp:4  | 25172 ||| SWAPPING to +4 heavy eveningstar.
 25181 | Swamp:4  | 25181 ||| SWAPPING to +7 war axe of Invincibility {freeze,
                  | Will++ rCorr}.
 25184 | Swamp:4  | 25184 ||| SWAPPING to +4 heavy eveningstar.
 25189 | Swamp:4  | 25189 ||| SWAPPING to +7 war axe of Invincibility {freeze,
                  | Will++ rCorr}.
 25290 | Swamp:4  | 25290 ||| Stepping ~*~*~tactically~*~*~ (hiding).
 25607 | Swamp:4  | 25607 ||| INVOKING Heroism.
 25612 | Swamp:4  | 25612 ||| SWAPPING to +4 heavy eveningstar.
 25614 | Swamp:4  | 25614 ||| SWAPPING to +7 war axe of Invincibility {freeze,
                  | Will++ rCorr}.
 25841 | Swamp:4  | 25841 ||| Stepping ~*~*~tactically~*~*~ (hiding).
 25843 | Swamp:4  | 25843 ||| Stepping ~*~*~tactically~*~*~ (hiding).
 25844 | Swamp:4  | 25844 ||| Stepping ~*~*~tactically~*~*~ (hiding).
 25848 | Swamp:4  | 25848 ||| INVOKING Heroism.
 25853 | Swamp:4  | Reached skill level 15 in Fighting
 25965 | Swamp:4  | 25965 ||| INVOKING Heroism.
 25970 | Swamp:4  | 25970 ||| SWAPPING to +4 heavy eveningstar.
 25976 | Swamp:4  | 25976 ||| SWAPPING to +7 war axe of Invincibility {freeze,
                  | Will++ rCorr}.
 26013 | Swamp:4  | 26013 ||| Stepping ~*~*~tactically~*~*~ (hiding).
 26015 | Swamp:4  | 26015 ||| Stepping ~*~*~tactically~*~*~ (hiding).
 26017 | Swamp:4  | 26017 ||| Stepping ~*~*~tactically~*~*~ (hiding).
 26020 | Swamp:4  | 26020 ||| Stepping ~*~*~tactically~*~*~ (hiding).
 26021 | Swamp:4  | 26021 ||| Stepping ~*~*~tactically~*~*~ (hiding).
 45232 | Swamp:4  | Glimpsed the power of Zot.
 45732 | Swamp:4  | Glimpsed the power of Zot.
 46132 | Swamp:4  | Glimpsed the power of Zot.
 46232 | Swamp:4  | Touched by the power of Zot.
 46233 | Swamp:4  | Glimpsed the power of Zot.
 46733 | Swamp:4  | Glimpsed the power of Zot.
 47133 | Swamp:4  | Glimpsed the power of Zot.
 47232 | Swamp:4  | Touched by the power of Zot.
 47233 | Swamp:4  | Glimpsed the power of Zot.
 47733 | Swamp:4  | Glimpsed the power of Zot.
 48133 | Swamp:4  | Glimpsed the power of Zot.
 48232 | Swamp:4  | Touched by the power of Zot.
 48233 | Swamp:4  | Glimpsed the power of Zot.
 48733 | Swamp:4  | Glimpsed the power of Zot.
 49133 | Swamp:4  | Glimpsed the power of Zot.
 49232 | Swamp:4  | Touched by the power of Zot.
 49233 | Swamp:4  | Glimpsed the power of Zot.
 49733 | Swamp:4  | Glimpsed the power of Zot.
 50133 | Swamp:4  | Glimpsed the power of Zot.
 50232 | Swamp:4  | Touched by the power of Zot.
 50233 | Swamp:4  | Glimpsed the power of Zot.
 50733 | Swamp:4  | Glimpsed the power of Zot.
 51133 | Swamp:4  | Glimpsed the power of Zot.
 51232 | Swamp:4  | Touched by the power of Zot.
 51233 | Swamp:4  | Glimpsed the power of Zot.
 51733 | Swamp:4  | Glimpsed the power of Zot.
 52133 | Swamp:4  | Glimpsed the power of Zot.
 52232 | Swamp:4  | Touched by the power of Zot.
 52233 | Swamp:4  | Glimpsed the power of Zot.
 52733 | Swamp:4  | Glimpsed the power of Zot.
 53133 | Swamp:4  | Glimpsed the power of Zot.
 53232 | Swamp:4  | Touched by the power of Zot.
 53233 | Swamp:4  | Glimpsed the power of Zot.
 53733 | Swamp:4  | Glimpsed the power of Zot.
 54133 | Swamp:4  | Glimpsed the power of Zot.
 54232 | Swamp:4  | Touched by the power of Zot.
 54233 | Swamp:4  | Glimpsed the power of Zot.
 54733 | Swamp:4  | Glimpsed the power of Zot.
 55133 | Swamp:4  | Glimpsed the power of Zot.
 55232 | Swamp:4  | Touched by the power of Zot.
 55233 | Swamp:4  | Glimpsed the power of Zot.
 55733 | Swamp:4  | Glimpsed the power of Zot.
 56133 | Swamp:4  | Glimpsed the power of Zot.
 56232 | Swamp:4  | Touched by the power of Zot.
 56233 | Swamp:4  | Glimpsed the power of Zot.
 56733 | Swamp:4  | Glimpsed the power of Zot.
 57133 | Swamp:4  | Glimpsed the power of Zot.
 57232 | Swamp:4  | Touched by the power of Zot.
 57233 | Swamp:4  | Glimpsed the power of Zot.
 57733 | Swamp:4  | Glimpsed the power of Zot.
 58133 | Swamp:4  | Glimpsed the power of Zot.
 58232 | Swamp:4  | Touched by the power of Zot.
 58233 | Swamp:4  | Glimpsed the power of Zot.
 58733 | Swamp:4  | Glimpsed the power of Zot.
 59133 | Swamp:4  | Glimpsed the power of Zot.
 59232 | Swamp:4  | Touched by the power of Zot.
 59233 | Swamp:4  | Glimpsed the power of Zot.
 59733 | Swamp:4  | Glimpsed the power of Zot.
 60133 | Swamp:4  | Glimpsed the power of Zot.
 60232 | Swamp:4  | Touched by the power of Zot.
 60233 | Swamp:4  | Quit the game

Levels and vault maps discovered:
D:1:      spicycebolla_arrival_xxxplode, layout_basic,
          ebering_ecumenical_altar_webs
D:2:      minmay_recursive_quarters, layout_loops_corners
D:3:      layout_basic, mainiacjoe_overflow_catwalk_spiral, uniq_grinder
D:4:      layout_rooms, nicolae_zen_rock_garden, cheibrodos_gnoll_hut
D:5:      layout_rooms, serial_shops, shop, uniq_menkaure
D:6:      layout_gridville, portal_sewer_entry_b, hangedman_decor_points
D:7:      layout_rooms, minmay_temple_entry_drinking_statues, enter_ossuary_5,
          grunt_decor_arrowhead
D:8:      layout_cave_pools, nzn_ghost_randoct
D:9:      layout_long_grid, minmay_misc_feat_nine_boxes, serial_bayou_pond_d,
          minmay_evil_grid
D:10:     layout_loops_ring, general_overflow_altar, erik_lair_dragon,
          serial_shops, nicolae_shop_advertising_works
          [nicolae_subvault_shop_adworks], shop
D:11:     layout_roguey, minmay_hedge_maze, uniq_snorg, uniq_amaemon,
          uniq_erolcha
D:12:     layout_loops_ring, minmay_orc_entry_guard_dogs, eino_jars
D:13:     layout_basic, hangedman_vaults_entry_quadrant_bands,
          gammafunk_ghost_crypt, chei_slow_surprise
D:14:     layout_long_grid, minmay_radiant, uniq_lodul, uniq_roxanne
D:15:     grunt_enter_depths_magical_seal, layout_gridville,
          gauntlet_entry_generic, minmay_unpleasant_kobolds, uniq_azrael
Temple:   nicolae_temple_bog_church
Lair:1:   dragon1_lemuel, layout_long_grid
Lair:2:   layout_layer_cave, swamp_mist_pool, chequers_serial_rivers_large_b,
          uniq_nergalle
Lair:3:   layout_cave_pods, hellmonk_spider_entry_not_the_bees,
          dreamdust_mushroom_princess, grunt_forest_small_clearing_treed,
          uniq_rupert
Lair:4:   layout_long_grid, slime_entry_1, ebering_ghost_disaster_area,
          serial_bayou_pond_c
Lair:5:   hangedman_lair_in_review, layout_loops_ring, wormcave,
          gammafunk_ghost_hydra_chop, kennysheep_rathole
Swamp:1:  layout_falls_marsh, hangedman_swamp_diagram
Swamp:2:  cheibrodos_swamp_heart_of_darkness, layout_basic_swamp,
          serial_swamp_ruin, evilmike_swamp_ruin_rubble_2,
          evilmike_swamp_ruin_house_5, uniq_mlioglotl, uniq_louise
Swamp:3:  nicolae_swamp_secret_spriggan_hideout, layout_basic_swamp,
          evilmike_swamp_ruin_rubble_1, swamp_pool3
Swamp:4:  swamp_alternative, layout_basic_swamp, swamp_pool2,
          infiniplex_staircase_pool
Orc:1:    layout_caves, portal_ice_cave_demonic_guard, serial_shops,
          nicolae_shop_gaudy_bauble, nicolae_orc_damp_corner, uniq_sonja
Orc:2:    st_orc_rangers, layout_caves, serial_shops, shop,
          nicolae_orc_lava_tube, nicolae_orc_lava_room

Skill      XL: |  1  2  3  4  5  6  7  8  9 10 11 12 13 14 15 16 17 |
---------------+----------------------------------------------------+-----
Axes           | 2 3 4 6 7 8 9 10 11 13 14 16 | 16.0
Throwing       | 1 3 6 7 8 |  8.0
Shields        | 4 6 7 14 15 16 18 | 18.1
Fighting       | 4 5 6 7 8 9 10 11 12 14 15 | 15.0
Dodging        | 1 2 3 4 |  4.0
Armour         | 4 6 7 8 9 |  9.1
Invocations    | 1 4 7 10 | 10.0

Action                     |  1- 3 |  4- 6 |  7- 9 | 10-12 | 13-15 | 16-18 || total
---------------------------+-------+-------+-------+-------+-------+-------++-------
  Melee: War axe           |   105 |   101 |   148 |   528 |  1003 |   564 ||  2449
         Broad axe         |       |       |    40 |       |       |       ||    40
         Morningstar       |       |       |       |       |    17 |       ||    17
         Eveningstar       |       |       |       |       |       |    70 ||    70
  Throw: Boomerang         |    25 |     4 |    20 |    73 |    87 |     2 ||   211
         Javelin           |     5 |    39 |    29 |     5 |    58 |    52 ||   188
 Invoke: Heroism           |       |       |       |    22 |    35 |    23 ||    80
         Finesse           |       |       |       |       |     4 |     2 ||     6
    Use: Scroll            |     3 |     4 |     4 |    12 |     9 |     6 ||    38
         Potion            |       |     3 |     3 |     1 |     2 |     2 ||    11
 Armour: Scale mail        |    25 |       |       |       |       |       ||    25
         Ice dragon scales |    44 |    55 |    96 |    63 |       |       ||   258
         Plate armour      |       |       |       |    39 |       |       ||    39
         Ring mail         |       |       |       |    76 |   317 |   325 ||   718
  Dodge: Dodged            |    62 |    35 |   103 |   200 |   362 |   363 ||  1125
  Block: Buckler           |    22 |     1 |       |       |       |       ||    23
         Kite shield       |       |    40 |    98 |   183 |       |       ||   321
         Tower shield      |       |       |       |   139 |   771 |   666 ||  1576
         Reflection        |       |       |       |       |       |     8 ||     8

Table legend:
 A = Non-vault XP
 B = Vault XP
 C = Vault XP percentage of total XP
 D = Non-vault monster count
 E = Vault monster count
 F = Vault count percentage of total count
                 A         B        C        D         E       F
            +---------+---------+-------+---------+---------+-------
      Total |  129683 |   71596 |  35.6 |     583 |     209 |  26.4
            +---------+---------+-------+---------+---------+-------
        D:1 |      29 |       0 |   0.0 |      18 |       0 |   0.0
        D:2 |      55 |      29 |  34.5 |      27 |      10 |  27.0
        D:3 |     169 |     295 |  63.6 |      26 |       1 |   3.7
        D:4 |     420 |      97 |  18.8 |      18 |       3 |  14.3
        D:5 |     597 |     172 |  22.4 |      24 |       1 |   4.0
        D:6 |    1003 |      18 |   1.8 |      27 |       4 |  12.9
        D:7 |    1766 |       0 |   0.0 |      45 |       0 |   0.0
        D:8 |    2903 |       0 |   0.0 |      23 |       0 |   0.0
        D:9 |    1452 |    4341 |  74.9 |      15 |       9 |  37.5
       D:10 |    2554 |    1243 |  32.7 |      23 |       6 |  20.7
       D:11 |    3788 |    3017 |  44.3 |      12 |       4 |  25.0
       D:12 |    7985 |    1534 |  16.1 |      24 |      11 |  31.4
       D:13 |    9093 |    6828 |  42.9 |      33 |      17 |  34.0
       D:14 |   10329 |    4985 |  32.6 |      21 |      11 |  34.4
       D:15 |    7696 |    5707 |  42.6 |      14 |      20 |  58.8
     Lair:1 |    4748 |     923 |  16.3 |      20 |       1 |   4.8
     Lair:2 |    2731 |     765 |  21.9 |      11 |       1 |   8.3
     Lair:3 |    6683 |    2299 |  25.6 |      24 |       6 |  20.0
     Lair:4 |    7873 |       0 |   0.0 |      16 |       0 |   0.0
     Lair:5 |    7046 |   10328 |  59.4 |      22 |      30 |  57.7
    Swamp:1 |   14496 |       0 |   0.0 |      33 |       0 |   0.0
    Swamp:2 |    9642 |    8171 |  45.9 |      20 |      10 |  33.3
    Swamp:3 |   11950 |    1077 |   8.3 |      26 |       5 |  16.1
    Swamp:4 |   10143 |   13422 |  57.0 |      17 |      19 |  52.8
      Orc:1 |    2565 |    1481 |  36.6 |      28 |       3 |   9.7
      Orc:2 |    1967 |    4864 |  71.2 |      16 |      37 |  69.8
            +---------+---------+-------+---------+---------+-------
